Map: World of Sleepers LE

Players

TSGNice (Nice)

  • Race: Protoss Protoss
  • Spawn Location: 1:00

Scarlett - Winner!

  • Race: Zerg Zerg
  • Spawn Location: 7:00

Event: NationWars 2019

VOD

Have the link to the VOD?

Description

Time

  • Played on: Nov. 16, 2019, 12:17 p.m.
  • Length: 7:44

All games in this series

Show
View Real Time Build Order
Export as new Build Order

TSGNice Protoss 

Build Orders: 1 Gate Expand 

Get SALT Encoding   

  12  0:00  Probe  
  13  0:12  Probe  
  14  0:21  Pylon  
  14  0:25  Probe  
  15  0:39  Probe (Chrono Boost)  
  15  0:41  Gateway  
  17  0:50  Probe (Chrono Boost)  
  17  0:53  Assimilator  
  17  0:55  Probe (Chrono Boost)  
  18  1:05  Probe  
  19  1:17  Probe  
  20  1:30  Cybernetics Core  
  20  1:37  Nexus  
  20  1:45  Pylon  
  20  1:52  Probe, Assimilator  
  21  2:04  Adept (Chrono Boost), Probe  
  24  2:16  Probe  
  24  2:20  Robotics Facility  
  25  2:24  Adept (Chrono Boost)  
  27  2:32  Probe  
  27  2:33  Warp Gate  
  28  2:44  Probe  
  29  2:47  Stalker (Chrono Boost)  
  31  2:56  Probe x2  
  33  3:08  Probe x2  
  33  3:09  Sentry (Chrono Boost)  
  33  3:11  Warp Prism (Chrono Boost)  
  39  3:28  Probe  
  40  3:34  Gateway  
  40  3:36  Probe  
  40  3:40  Probe  
  40  3:46  Immortal (Chrono Boost)  
  44  3:48  Probe  
  44  3:49  Pylon  
  44  3:52  Probe  
  46  4:03  Gateway  
  46  4:05  Gateway  
  46  4:08  Gateway  
  46  4:13  Gateway  
  46  4:16  Observer (Chrono Boost)  
  47  4:19  Gateway  
  47  4:21  Sentry  
  47  4:24  Pylon  
  49  4:30  Sentry  
  51  4:40  Pylon  
  51  4:44  Pylon  
  51  4:49  Stalker  
  53  4:53  Stalker  
  53  4:59  Pylon, Zealot  
  57  5:00  Zealot  
  57  5:03  Zealot  
  55  5:22  Zealot x5  
  55  5:23  Zealot x2  
  55  5:27  Probe  
  61  5:29  Probe  
  62  5:36  Twilight Council  
  62  5:38  Immortal (Chrono Boost)  
  62  5:39  Probe  
  62  5:42  Probe  
  68  5:51  Zealot x2  
  68  5:52  Zealot  
  72  6:09  Charge (Chrono Boost)  
  72  6:10  Probe x2  
  74  6:11  Assimilator  
  74  6:12  Assimilator  
  74  6:19  Immortal (Chrono Boost)  
  72  6:33  Probe x2  
  72  6:39  Zealot x3  
  78  6:42  Pylon  
  78  6:44  Pylon x2  
  78  6:45  Probe  
  78  6:46  Probe, Warp Prism  
  76  6:53  Dark Shrine  
  78  7:01  Zealot x2  
  78  7:02  Zealot  
  78  7:05  Zealot  
  78  7:15  Zealot  
  71  7:25  Zealot  
  71  7:26  Zealot  
  71  7:28  Sentry x2  
Show
View Real Time Build Order
Export as new Build Order

Scarlett Zerg - Winner!

Build Orders: Hatch First 

Get SALT Encoding   

  12  0:00  Drone  
  13  0:12  Overlord  
  13  0:17  Drone  
  14  0:30  Drone x2  
  16  0:46  Drone  
  16  0:47  Drone  
  18  0:55  Hatchery  
  17  0:58  Drone  
  17  1:00  Extractor  
  17  1:12  Spawning Pool  
  17  1:15  Drone  
  18  1:18  Drone  
  18  1:28  Drone  
  19  1:39  Overlord  
  19  1:52  Drone  
  20  1:58  Queen  
  22  2:03  Zergling x2  
  22  2:04  Metabolic Boost  
  23  2:11  Queen  
  23  2:12  Zergling x2  
  23  2:14  Drone  
  27  2:19  Drone  
  28  2:28  Drone  
  28  2:29  Drone  
  30  2:40  Hatchery  
  29  2:49  Zergling x6  
  29  2:50  Queen  
  33  2:57  Overlord  
  33  2:58  Drone  
  33  3:05  Drone  
  33  3:06  Drone  
  33  3:08  Overlord  
  35  3:17  Spore Crawler  
  33  3:21  Drone x4  
  33  3:24  Drone  
  33  3:25  Drone  
  38  3:29  Drone x2  
  40  3:36  Drone x2  
  40  3:40  Lair  
  42  3:45  Queen  
  44  3:51  Drone x2  
  46  3:56  Drone x2  
  46  3:58  Overlord  
  46  4:01  Roach Warren  
  47  4:04  Drone x2  
  47  4:07  Drone  
  50  4:10  Overlord  
  50  4:14  Overlord  
  50  4:19  Zergling x2  
  50  4:20  Zergling x4  
  50  4:21  Zergling x2  
  50  4:24  Zergling x2  
  55  4:31  Drone x4  
  55  4:32  Queen  
  55  4:35  Extractor x2  
  59  4:39  Overlord  
  59  4:41  Overseer  
  59  4:44  Roach  
  61  4:49  Zergling x6  
  61  4:50  Zergling x6  
  67  4:56  Roach  
  67  4:57  Zergling x6  
  72  5:01  Zergling x2  
  72  5:03  Queen  
  72  5:05  Zergling x6, Ravager  
  79  5:08  Zergling x2, Overlord  
  80  5:20  Zergling x10  
  78  5:28  Zergling x10  
  78  5:31  Ravager  
  78  5:32  Roach x3  
  85  5:40  Roach x2  
  85  5:41  Overlord  
  88  5:48  Zergling x2  
  88  5:49  Overlord x2  
  89  5:59  Overlord  
  89  6:02  Ravager x3  
  89  6:03  Zergling x2  
  89  6:04  Zergling x8  
  95  6:27  Drone x12  
  107  6:33  Spire  
  107  6:38  Drone x6  
  111  6:40  Drone x2  
  111  6:42  Extractor  
  112  6:48  Extractor, Overlord x2  
  112  6:49  Drone x3  
  112  6:54  Overlord  
  113  7:01  Roach x3  
  113  7:06  Roach  
  113  7:07  Roach x2  
  121  7:10  Baneling Nest  
  121  7:13  Roach x4  
  126  7:19  Zergling x4, Roach x3  
  131  7:31  Overseer  
Tags
 
Add a new tag
Caveats
  • Supply blocks, unpowered buildings, or Contaminate may cause inaccurate times.
  • Supply counts are checked every 10 seconds.